 Dungeon Crawl Stone Soup version 0.30-a0-222-ge547ba4400 (webtiles) character file.

Game seed: 1918881665834536930

74 Aibolit the Covered (level 4, -2/37 HPs)
             Began as a Barachi Fighter on Oct 8, 2022.
             Was a Follower of Zin.
             Succumbed to an orc's poison
             ... on level 3 of the Dungeon.
             The game lasted 00:02:30 (1439 turns).

Aibolit the Covered (Barachi Fighter)               Turns: 1439, Time: 00:02:31

Health: -2/37      AC: 10    Str: 19    XL:     4   Next: 30%
Magic:  4/4        EV:  9    Int: 15    God:    Zin [*.....]
Gold:   90         SH:  4    Dex: 11    Spells: 3/3 levels left

rFire   . . .      SeeInvis .    a - +0 long sword
rCold   . . .      Faith    .    c - +0 buckler
rNeg    . . .      Spirit   .    b - +0 scale mail
rPois   .          Reflect  .    k - +2 helmet
rElec   .          Harm     .    (no cloak)
rCorr   .          Rampage  .    (no gloves)
Will    .....                    (no boots)
Stlth   ..........               (no amulet)
HPRegen 0.26/turn                g - +6 ring of intelligence
MPRegen 0.09/turn                (no ring)

@: lethally poisoned (-2 -> -15), slow
A: amphibious, slowness 1, strong legs 1, +LOS
a: Hop, Renounce Religion, Recite, Donate Gold


You were on level 3 of the Dungeon.
You worshipped Zin.
Zin was aware of your devotion.
You visited 1 branch of the dungeon, and saw 3 of its levels.

You collected 100 gold pieces.
You donated 10 gold pieces to Zin.

Inventory:

Hand Weapons
 a - a +0 long sword (weapon)
Armour
 b - a +0 scale mail (worn)
 c - a +0 buckler (worn)
 k - a +2 helmet (worn)
Jewellery
 g - a +6 ring of intelligence (left hand)
Scrolls
 f - a scroll of identify
 h - a scroll of enchant armour
 i - a scroll of noise
 l - a scroll of amnesia {unknown}
 m - 2 scrolls of teleportation {unknown}
Potions
 d - a potion of might
 e - a potion of invisibility {unknown}
 j - a potion of attraction {unknown}
 n - 2 potions of degeneration {unknown}
 o - a potion of brilliance {unknown}
 p - a potion of magic {unknown}
 q - a potion of curing {unknown}


   Skills:
 + Level 4.0 Fighting
 + Level 3.8 Long Blades
 + Level 4.2 Armour
 + Level 1.2 Dodging
 + Level 3.6 Shields


You had 3 spell levels left.
You didn't know any spells.
Your spell library was empty.

Dungeon Overview and Level Annotations

Branches:
Dungeon (3/15)

Altars:
Zin


Innate Abilities, Weirdness & Mutations

You are amphibious.
You cover ground slowly.
You can hop short distances.
You have an extended range of vision and can be seen from far away.


Message History

The ball python attacks as you move away!
The ball python bites you but does no damage.
There is an open door here.
The ball python attacks as you move away!
The ball python bites you.
The ball python bites you but does no damage.
The ball python barely misses you.
You closely miss the ball python. The ball python barely misses you.
The ball python grabs you. The ball python constricts you.
You hit the ball python.
You kill the ball python!
You barely miss the orc. You closely miss the orc.
The orc hits you with a +3 short sword of venom.
You are poisoned.
You hit the orc but do no damage.
You feel very sick. The orc barely misses you. The orc closely misses you.
The orc hits you but does no damage.
The orc hits you with a +3 short sword of venom.
You are more poisoned.
You closely miss the orc.
You feel very sick. The orc hits you with a +0 short sword.
The orc hits you but does no damage. The orc barely misses you.
The orc hits you with a +3 short sword of venom.
You are lethally poisoned!
The orc barely misses you. The orc closely misses you.
The orc barely misses you. The orc hits you but does no damage.
* * * LOW HITPOINT WARNING * * *
You feel very sick. The orc barely misses you.
The orc hits you with a +0 hand axe.
* * * LOW HITPOINT WARNING * * *
As you open the door, it creaks loudly!
* * * LOW HITPOINT WARNING * * *
You feel very sick. The orc hits you but does no damage.
The orc hits you with a +0 hand axe.
* * * LOW HITPOINT WARNING * * *
The orc attacks as you move away! The orc hits you but does no damage.
You die...

#. #.. #..# #†#
...##.##).# #.#######
..........####.......#
..#............#####.#
....###..o##.#..<# #.#
.. ###o##+##'####^#
#..oo.#.....##.#
####.o...#.....#..#
#..'##@##+##'##'.##
#.##..#.....#..#.#
#.####.##..#+###+#..#.#
#.......#..#.....#..#.#
#######.'..†.._..'..+.#
#.#..#.....#..#.#
#.#..#+###'#..#.#
#.#..#.....#..#.#
#.+##+##+##'##+.#


You could see 5 orcs.

Vanquished Creatures
  An adder (D:2)
  A dart slug (D:1)
  An orc (D:3)
  8 ball pythons
  4 bats (D:1)
  7 endoplasms
  A giant cockroach (D:2)
  3 goblins (D:2)
  6 hobgoblins
  11 jackals
  2 quokkas (D:1)
  2 frilled lizards
  7 kobolds
  A rat (D:1)
55 creatures vanquished.

Notes
Turn   | Place    | Note
-------+----------+-------------------------------------------
     0 | D:1      | Aibolit the Barachi Fighter began the quest for the Orb.
     0 | D:1      | Reached XP level 1. HP: 18/18 MP: 1/1
    61 | D:1      | Reached XP level 2. HP: 14/24 MP: 2/2
   330 | D:1      | Reached XP level 3. HP: 30/30 MP: 3/3
   408 | D:1      | Found a faded altar of an unknown god.
   958 | D:2      | Reached skill level 1 in Dodging
   958 | D:2      | Reached XP level 4. HP: 27/37 MP: 4/4
  1389 | D:3      | Found a glowing silver altar of Zin.
  1399 | D:3      | Became a worshipper of Zin the Law-Giver
  1399 | D:3      | Reached * piety under Zin
  1438 | D:3      | HP: 1/37 [orc/+0 hand axe (3)]
  1439 | D:3      | Succumbed to an orc's poison

Illustrated notes

Levels and vault maps discovered:
D:1:      amcnicky_arrival_wind_blow, layout_rooms,
          shapermc_ecumenical_altar_mp_urbaneastern,
          nicolae_figureground_sparkle
D:2:      layout_rooms
D:3:      layout_basic, okawaru_gym_becter, mainiacjoe_overflow_24_doors,
          eat_drink_and_be_merry_uskayaw, uniq_jessica

Skill      XL: |  1  2  3  4 |
---------------+-------------+-----
Long Blades    | 3 |  3.8
Armour         | 4 |  4.2
Dodging        | 1 |  1.2
Fighting       | 4 |  4.0
Shields        | |  3.6

Action                   |  1- 3 |  4- 6 || total
-------------------------+-------+-------++-------
Melee: Long sword        |   127 |    51 ||   178
  Use: Scroll            |     2 |       ||     2
Armor: Scale mail        |   102 |    40 ||   142
Dodge: Dodged            |    66 |    43 ||   109
Block: Buckler           |    40 |    19 ||    59

Table legend: (Time is in decaauts)
 A = Elapsed time spent in this place.
 B = Non-inter-level travel time spent in this place.
 C = Inter-level travel time spent in this place.
 D = Time resting spent in this place.
 E = Time spent auto-exploring this place.
 F = Levels seen in this place.
 G = Mean time per level.
                   A        B        C        D        E       F      G
               +--------+--------+--------+--------+--------+-----+--------+
         Total |   1676 |   1621 |     55 |      0 |   1201 |   3 |  558.7 |
       Dungeon |   1676 |   1621 |     55 |      0 |   1201 |   3 |  558.7 |
               +--------+--------+--------+--------+--------+-----+--------+

Top non-repeatable levels by time:
     D:1: 839 daAuts
     D:2: 736 daAuts
     D:3: 101 daAuts
